 Dungeon Crawl Stone Soup version 0.23.0 (webtiles) character file.

Game seed: 6533010688889741780

1582 inmateoo the Spear-Bearer (level 8, -3/64 HPs)
             Began as a Merfolk Gladiator on Feb 10, 2019.
             Killed by divine providence
             ... invoked by an orc priest
              (15 damage)
             ... on level 5 of the Dungeon on Feb 11, 2019.
             The game lasted 00:10:56 (6136 turns).

inmateoo the Spear-Bearer (Merfolk Gladiator)       Turns: 6136, Time: 00:10:57

Health: -3/64      AC:  9    Str: 15    XL:     8   Next: 91%
Magic:  8/8        EV: 15    Int:  7    God:
Gold:   316        SH:  0    Dex: 17    Spells: 7/7 levels left

rFire    + . .     SeeInvis .   a - +0 trident
rCold    . . .     Gourm    .   (no shield)
rNeg     . . .     Faith    .   x - +0 ring mail
rPois    .         Spirit   .   c - +0 helmet
rElec    .         Reflect  .   (no cloak)
rCorr    .         Harm     .   n - +0 pair of gloves
MR       .....                  e - +0 pair of boots
Stlth    +.........             (no amulet)
HPRegen  0.20/turn              r - ring of protection from fire
MPRegen  0.11/turn              q - ring of wizardry

@: no status effects
A: change form in water, swift swim, stealthy swim
a: no special abilities


You were on level 5 of the Dungeon.
You were not hungry.

You visited 1 branch of the dungeon, and saw 6 of its levels.

You collected 316 gold pieces.

Inventory:

Hand Weapons
 a - a +0 trident (weapon)
 p - a +0 halberd
Missiles
 d - 3 throwing nets (quivered)
Armour
 c - a +0 helmet (worn)
 e - a +0 pair of boots (worn)
 n - a +0 pair of gloves (worn)
 x - a +0 ring mail (worn)
Jewellery
 q - a ring of wizardry (right hand)
 r - a ring of protection from fire (left hand)
Wands
 w - a wand of disintegration (9)
Scrolls
 j - 6 scrolls of remove curse
Potions
 g - 3 potions of curing
 h - 4 potions of might {unknown}
 i - 2 potions of mutation {unknown}
 k - 2 potions of agility {unknown}
 l - 2 potions of flight {unknown}
 m - 2 potions of haste {unknown}
 o - 3 potions of magic {unknown}
 s - a potion of heal wounds
 t - a potion of invisibility
 u - a potion of lignification
 v - 2 potions of ambrosia
Comestibles
 b - 3 chunks of flesh
 f - 9 rations


   Skills:
 + Level 5.7 Fighting
 * Level 10.8 Polearms
 - Level 2.0 Throwing
 + Level 3.3 Armour
 + Level 7.5 Dodging


You had 7 spell levels left.
You didn't know any spells.
Your spell library was empty.

Dungeon Overview and Level Annotations

Branches:
Dungeon (6/15)
 Temple: D:4-7

Altars:
Fedhas
Kikubaaqudgha
Makhleb
Sif Muna
Trog
Xom


Message History

You climb upwards.
There is a stone staircase leading down here.
Press: ? - help, v - describe, . - travel, g - get item
Here: an orc, wielding a +2 whip of electrocution A +0 club.
There is something else lying underneath.
The floor, spattered with blood.
Unknown command.
The orc priest misses you.
Things that are here:
a +0 leather armour; a +0 club The orc priest mumbles some strange prayers to Beogh against you.
Beogh smites you!
The orc priest miscasts a cantrip.
The orc priest calls down the wrath of Beogh upon you.
Beogh smites you!
* * * LOW HITPOINT WARNING * * *
The orc priest mumbles some strange prayers to Beogh against you.
Beogh smites you!
You die...

#........>.##
#.#######
#.#.#.#.#[.#
#........
#..........#
########.
#.#.#)#.#.o#
#.
#..........#
#.
#####..###.#
#. ##### #.##
#o# ## ....#
#<# #.# ###.#
#.# #@# # #>#
#.# #.#
####### ###.#
#.# #<#
#.8..8. ....#
###.####.#
#8_..._ #.###
#.....##.#
#...... #.#
#.#.#.#..#
#8..... ..###
#.#.#.#.##
#._..._ ....#
#.#.#.#.#
#8..... ###.#
#.....#.#
#......


You could see an orc priest and an orc.

Vanquished Creatures
  Pikel (D:4)
  Edmund (D:4)
  A phantom (D:4)
  An ogre (D:5)
  Blork the orc (D:4)
  A bullfrog (D:3)
  2 crimson imps
  3 hounds
  An orc priest (D:3)
  Natasha (thrice) (D:2)
  3 orc wizards
  2 worker ants
  A hound skeleton (D:5)
  A gnoll (D:2)
  11 adders
  2 adder skeletons (D:4)
  4 worms
  5 dart slugs
  A leopard gecko (D:3)
  19 orcs
  A ball python (D:1)
  15 bats
  5 giant cockroaches
  8 goblins
  11 hobgoblins
  3 jackals
  A quokka (D:2)
  8 frilled lizards
  15 kobolds
  5 rats
136 creatures vanquished.

Notes
Turn   | Place    | Note
-------+----------+-------------------------------------------
     0 | D:1      | inmateoo the Merfolk Gladiator began the quest for the Orb.
     0 | D:1      | Reached XP level 1. HP: 16/16 MP: 1/1
   115 | D:1      | Reached XP level 2. HP: 23/23 MP: 2/2
   148 | D:1      | Reached skill level 5 in Polearms
   660 | D:1      | Reached XP level 3. HP: 28/28 MP: 3/3
   929 | D:2      | Noticed Natasha
   945 | D:2      | Killed Natasha
  1186 | D:2      | Reached XP level 4. HP: 34/34 MP: 4/4
  1290 | D:2      | Noticed Natasha
  1304 | D:2      | Killed Natasha
  1304 | D:2      | Reached skill level 6 in Polearms
  1508 | D:2      | Noticed Natasha
  1516 | D:2      | Killed Natasha
  1516 | D:2      | Reached XP level 5. HP: 33/41 MP: 5/5
  1914 | D:2      | Reached skill level 1 in Armour
  1914 | D:2      | Reached skill level 5 in Dodging
  2538 | D:3      | Reached skill level 7 in Polearms
  2538 | D:3      | Reached XP level 6. HP: 20/47 MP: 6/6
  2816 | D:3      | Found a blossoming altar of Fedhas.
  3431 | D:3      | Reached XP level 7. HP: 47/54 MP: 7/7
  3533 | D:3      | Reached skill level 8 in Polearms
  4053 | D:4      | Noticed Blork the orc
  4065 | D:4      | Killed Blork the orc
  4271 | D:4      | Found a blossoming altar of Fedhas.
  4509 | D:4      | Noticed Pikel
  4530 | D:4      | Killed Pikel
  4530 | D:4      | Reached skill level 5 in Fighting
  4530 | D:4      | Reached skill level 10 in Polearms
  4530 | D:4      | Reached XP level 8. HP: 47/62 MP: 8/8
  4877 | D:4      | Found a bloodstained altar of Trog.
  5242 | D:5      | Entered Level 5 of the Dungeon
  5776 | D:5      | Noticed Edmund
  5846 | D:4      | Killed Edmund
  6009 | D:5      | Found an ancient bone altar of Kikubaaqudgha.
  6011 | D:5      | Found a hazy altar of Hepliaklqana.
  6011 | D:5      | Found a shimmering altar of Xom.
  6014 | D:5      | Found a deep blue altar of Sif Muna.
  6014 | D:5      | Found a burning altar of Makhleb.
  6014 | D:5      | Found a shimmering altar of Xom.
  6136 | D:5      | Killed from afar by an orc priest

Skill      XL: |  1  2  3  4  5  6  7  8 |
---------------+-------------------------+-----
Polearms       | 5 6 7 10 | 10.8
Fighting       | 3 4 5 |  5.7
Armour         | 1 2 3 |  3.3
Dodging        | 5 7 |  7.5
Throwing       | |  2.0

Action                   |  1- 3 |  4- 6 |  7- 9 || total
-------------------------+-------+-------+-------++-------
Melee: Trident           |    90 |   245 |   243 ||   578
       Tailslap          |       |     5 |       ||     5
Evoke: Wand              |       |       |     7 ||     7
  Use: Scroll            |       |     4 |     8 ||    12
 Stab: Sleeping          |     1 |     1 |     5 ||     7
  Eat: Chunk             |       |     8 |     9 ||    17
Armor: Leather armour    |    27 |    44 |    15 ||    86
       Ring mail         |       |       |     6 ||     6
Dodge: Dodged            |    59 |   154 |   123 ||   336
